 Dungeon Crawl Stone Soup version 0.22-a0-799-g88f5e90 (webtiles) character file.

191 Amnesiac the Magician (level 5, 0/35 HPs)
             Began as a Mummy Earth Elementalist on July 21, 2018.
             Slain by an iguana (9 damage)
             ... on level 4 of the Dungeon.
             The game lasted 00:03:23 (573 turns).

Amnesiac the Magician (Mummy Earth Elementalist)     Turns: 573, Time: 00:03:23

Health: 0/35       AC:  3    Str: 11    XL:     5   Next: 42%
Magic:  5/14       EV: 12    Int: 15    God:
Gold:   46         SH:  0    Dex: 13    Spells: 11/17 levels left

rFire    x . .     SeeInvis .   i - +1 falchion
rCold    + . .     Gourm    .   (no shield)
rNeg     + + +     Faith    .   c - +0 robe
rPois    ∞         Spirit   .   f - +0 helmet
rElec    .         Reflect  .   (no cloak)
rCorr    .         Harm     .   (no gloves)
MR       .....                  (no boots)
Stlth    +++.......             (no amulet)
HPRegen  0.11/turn              a - ring of stealth
MPRegen  0.14/turn              (no ring)

@: very slightly contaminated
A: no food or potions, fire vulnerability, cold resistance 1, negative energy
resistance 3, torment resistance, unbreathing
a: no special abilities


You were on level 4 of the Dungeon.
You were not hungry.

You visited 1 branch of the dungeon, and saw 4 of its levels.

You collected 46 gold pieces.

Inventory:

Hand Weapons
 i - a +1 falchion (weapon)
Armour
 c - a +0 robe (worn)
 f - a +0 helmet (worn)
Jewellery
 a - a ring of stealth (left hand)
Scrolls
 j - a scroll of enchant armour {!r}


   Skills:
 - Level 1.5 Dodging
 - Level 1.5 Stealth
 - Level 6.5 Spellcasting
 - Level 0.7 Transmutations
 + Level 3.0 Earth Magic


You had 11 spell levels left.
You knew the following spells:

 Your Spells              Type           Power        Failure   Level  Hunger
a - Stone Arrow           Conj/Erth      #.....       22%         3    N/A
b - Passwall              Tmut/Erth      ##......     10%         2    N/A
c - Sandblast             Erth           ##....       4%          1    N/A

Your spell library contained the following spells:

 Spells                   Type           Power        Failure   Level  Hunger
 Lee's Rapid Deconstruct  Erth           ##........   75%         5    N/A
 Petrify                  Tmut/Erth      ##......     54%         4    N/A

Dungeon Overview and Level Annotations

Branches:
Dungeon (4/15)
 Temple: D:4-7

Altars:
Qazlal
Trog


Innate Abilities, Weirdness & Mutations

You do not eat or drink.
Your flesh is vulnerable to fire.
You are immune to poison.
Your flesh is cold resistant. (rC+)
You are immune to negative energy. (rN+++)
You are immune to unholy pain and torment.
You can survive without breathing.


Message History

The iguana bites you but does no damage.
The iguana misses you.
Casting: Sandblast (safe; 4% risk of failure)
Confirm with . or Enter, or press ? or * to list all spells.
Aiming: Sandblast (safe; 4% risk of failure)
Press: ? - help, Shift-Dir - straight line, f/p - iguana
Aim: an iguana (moderately wounded)
The blast of sand hits the iguana.
The iguana is moderately wounded.
You now have no stones remaining.
The iguana bites you.
* * * LOW HITPOINT WARNING * * *
Unknown command.
Casting: Sandblast (safe; 4% risk of failure)
Confirm with . or Enter, or press ? or * to list all spells.
Aiming: Stone Arrow (safe; 22% risk of failure)
Press: ? - help, Shift-Dir - straight line, f/p - iguana
Aim: an iguana (moderately wounded)
You miscast Stone Arrow.
You are very lightly contaminated with residual magic.
You feel a strange surge of energy! The iguana closely misses you.
Casting: Stone Arrow (safe; 22% risk of failure)
Confirm with . or Enter, or press ? or * to list all spells.
Aiming: Stone Arrow (safe; 22% risk of failure)
Press: ? - help, Shift-Dir - straight line, f/p - iguana
Aim: an iguana (moderately wounded)
The stone arrow misses the iguana.
The iguana closely misses you.
Casting: Stone Arrow (safe; 22% risk of failure)
Confirm with . or Enter, or press ? or * to list all spells.
Aiming: Stone Arrow (safe; 22% risk of failure)
Press: ? - help, Shift-Dir - straight line, f/p - iguana
Aim: an iguana (moderately wounded)
You miscast Stone Arrow.
Motes of dust swirl before your eyes. The iguana barely misses you.
You aren't carrying any items that you can evoke.
You see here a glowing puce potion {!q}.
Adjust (i)tems, (s)pells, or (a)bilities?
Adjust which spell? c - Stone Arrow Adjust to which letter? a - Stone Arrow; c - Sandblast Unknown command.
You hear the brisk hiss of a very distant avalanche of sand.
Casting: Stone Arrow (safe; 22% risk of failure)
Confirm with . or Enter, or press ? or * to list all spells.
Aiming: Stone Arrow (safe; 22% risk of failure)
Press: ? - help, Shift-Dir - straight line, f/p - iguana
Aim: an iguana (lightly wounded)
The stone arrow hits the iguana.
The iguana is heavily wounded.
The iguana bites you!
* * * LOW HITPOINT WARNING * * *
Unknown command.
Things that are here:
a leather armour; an orc skeleton x2
Press: ? - help, v - describe, . - travel
Here: an iguana (moderately wounded)
The floor.
The iguana bites you.
* * * LOW HITPOINT WARNING * * *
Things that are here:
an enchanted mace; an orc skeleton The iguana hisses menacingly.
The iguana bites you!
You die...

#.#######.# #.# #.#
#.# #.# #.# #.# #.#
#.# #[# #.#### . #.#
#.#..# .. #.# #l#..#
.>.#####.# #@#..#
.........# #.#..#
........#### #.#..#
...........# #.#..#
........##.# #.#..#
........##.# #.#..#
........##.#####.#..#
......####.#.....#..##
......# #.#.#####...#


You could see an iguana.

Vanquished Creatures
  Sigmund (D:2)
  2 adders
  A worm (D:4)
  3 orcs (D:4)
  A frilled lizard (D:1)
  A kobold (D:2)
  A rat (D:2)
10 creatures vanquished.

Notes
Turn   | Place    | Note
-------+----------+-------------------------------------------
     0 | D:1      | Amnesiac the Mummy Earth Elementalist began the quest for the Orb.
     0 | D:1      | Reached XP level 1. HP: 13/13 MP: 4/4
    71 | D:2      | Reached XP level 2. HP: 17/19 MP: 1/5
   121 | D:2      | Found a bloodstained altar of Trog.
   121 | D:2      | Found a stormy altar of Qazlal.
   147 | D:2      | Noticed Sigmund
   203 | D:4      | Reached skill level 3 in Spellcasting
   325 | D:4      | Reached XP level 3. HP: 19/24 MP: 0/8
   343 | D:4      | Learned a level 2 spell: Passwall
   347 | D:4      | Learned a level 3 spell: Stone Arrow
   418 | D:2      | Killed Sigmund
   418 | D:2      | Reached skill level 6 in Spellcasting
   418 | D:2      | Reached XP level 4. HP: 20/30 MP: 2/12
   418 | D:2      | Reached XP level 5. HP: 23/35 MP: 2/14
   573 | D:4      | Slain by an iguana

Vault maps used:
D:1:      moated_graveyard_arrival
D:2:      gammafunk_temple_overflow_statue, uniq_terence, uniq_sigmund
D:3:      lemuel_coloured_pillars_altar, first_ration, minmay_surrounded,
          uniq_ijyb, uniq_jessica
D:4:      nicolae_ossuary_entry_ruins

Skill      XL: |  1  2  3 |
---------------+----------+-----
Earth Magic    | 3 |  3.0
Spellcasting   | 3 6 |  6.5
Dodging        | |  1.5
Stealth        | |  1.5
Transmutations | |  0.7

Action                   |  1- 3 |  4- 6 || total
-------------------------+-------+-------++-------
Melee: Unarmed           |     2 |       ||     2
 Cast: Sandblast         |    24 |     6 ||    30
       Passwall          |     1 |     1 ||     2
       Stone Arrow       |       |     2 ||     2
  Use: Scroll            |       |     3 ||     3
Armor: Robe              |       |     1 ||     1
Dodge: Dodged            |     4 |     4 ||     8

Table legend:
 A = Spawn XP
 B = Non-spawn XP
 C = Spawn XP percentage of total XP
 D = Spawn monster count
 E = Non-spawn monster count
 F = Spawn count percentage of total count
 G = Total turns spent on level
                    A         B        C        D         E        F      G
               +---------+---------+-------+---------+---------+-------+---------
         Total |       0 |     274 |   0.0 |       0 |      10 |   0.0 |   573
               +---------+---------+-------+---------+---------+-------+---------
           D:1 |       0 |       1 |   0.0 |       0 |       1 |   0.0 |    55
           D:2 |       0 |     246 |   0.0 |       0 |       4 |   0.0 |   151
           D:4 |       0 |      27 |   0.0 |       0 |       5 |   0.0 |   337
               +---------+---------+-------+---------+---------+-------+---------
